[ AOE2 MATCH · #505493988 ]
UnrankedMalians vs Persians
[ REPLAY ANALYSIS · EXTRACTED FROM THE RECORDED GAME ]
Feudal
11:02
Castle
15:29
Imperial
35:28
| APM avg | 24.9 |
| APM peak | 52 |
| eAPM avg | 18.7 |
| Villagers / military | 135 / 147 |
Focus
⚔️ 33.2% · 🌾 66.8%
Camel Scout ×62 · Scout Cavalry ×51 · Gbeto ×27 · Trebuchet (Packed) ×3 · Mangonel ×2 · Knight ×1
Feudal
8:35
Castle
19:57
Imperial
33:22
| APM avg | 45.0 |
| APM peak | 99 |
| eAPM avg | 24.8 |
| Villagers / military | 176 / 104 |
Focus
⚔️ 32.5% · 🌾 67.5%
Knight ×59 · Militia ×29 · Mangonel ×12 · Trebuchet (Packed) ×4
Feudal
10:26
Castle
13:38
Imperial
32:42
| APM avg | 34.6 |
| APM peak | 85 |
| eAPM avg | 19.3 |
| Villagers / military | 168 / 134 |
Focus
⚔️ 26.2% · 🌾 73.8%
Knight ×67 · Archer ×54 · Scout Cavalry ×5 · Bombard Cannon ×4 · Trebuchet (Packed) ×4
Feudal
9:19
Castle
24:25
Imperial
43:43
| APM avg | 33.9 |
| APM peak | 79 |
| eAPM avg | 21.9 |
| Villagers / military | 150 / 75 |
Focus
⚔️ 28.6% · 🌾 71.4%
Archer ×52 · Obuch ×20 · Petard ×2 · Battering Ram ×1
Feudal
9:19
Castle
28:31
Imperial
—
| APM avg | 40.7 |
| APM peak | 86 |
| eAPM avg | 25.5 |
| Villagers / military | 88 / 8 |
Focus
⚔️ 33.6% · 🌾 66.4%
Teutonic Knight ×5 · Mangonel ×2 · Battering Ram ×1
Feudal
10:56
Castle
14:27
Imperial
27:34
| APM avg | 47.2 |
| APM peak | 83 |
| eAPM avg | 27.1 |
| Villagers / military | 154 / 313 |
Focus
⚔️ 31.6% · 🌾 68.4%
Spearman ×215 · Militia ×72 · Battering Ram ×24 · Monk ×2
Match map
Initial resources + every placement click. Lines = walls · curves = elevation contours. ◆ gold · ⬟ stone · ● berries · ✦ relic · ◌ wall gap
Your base· ✓ Closed at 15:29 · 0t walls · 2 gate(s)
Ux'Tycho0201's base· ✓ Closed at 19:57 · 0t walls · 2 gate(s)
Vedette87's base· ✓ Closed at 13:38 · 0t walls · 3 gate(s)
CTM | Crawly94's base· ✓ Closed at 24:25 · 39t walls · 3 gate(s)
nQRLY's base· ✓ Closed at 28:31 · 18t walls · 2 gate(s)
MARIJUANA_LUNG's base· ✓ Closed at 14:27 · 0t walls · 2 gate(s)
Smoothed initial terrain · ◌ = detected wall gap · hover for details
Inputs per minute
— Ux'Saintseko - - Ux'Tycho0201
Build order — Ux'Saintseko
First 150 of 419 actions detected
| 0:01 | Queue | Villager (Male) |
| 0:01 | Queue | Villager (Male) |
| 0:02 | Build | House |
| 0:04 | Build | House |
| 0:18 | Queue | Villager (Male) |
| 0:20 | Queue | Villager (Male) |
| 1:32 | Queue | Villager (Male) |
| 1:32 | Queue | Villager (Male) |
| 1:32 | Queue | Villager (Male) |
| 2:03 | Queue | Villager (Male) |
| 2:11 | Build | Lumber Camp |
| 2:24 | Queue | Villager (Male) |
| 2:48 | Queue | Villager (Male) |
| 3:27 | Queue | Villager (Male) |
| 3:27 | Queue | Villager (Male) |
| 3:27 | Queue | Villager (Male) |
| 3:28 | Queue | Villager (Male) |
| 3:39 | Build | House |
| 3:54 | Queue | Villager (Male) |
| 3:54 | Queue | Villager (Male) |
| 3:55 | Queue | Villager (Male) |
| 4:16 | Queue | Villager (Male) |
| 4:44 | Build | House |
| 4:49 | Build | Mill |
| 4:59 | Queue | Villager (Male) |
| 5:31 | Queue | Villager (Male) |
| 5:32 | Queue | Villager (Male) |
| 5:55 | Queue | Villager (Male) |
| 6:09 | Queue | Villager (Male) |
| 6:50 | Build | Lumber Camp |
| 6:55 | Build | Mining Camp |
| 7:02 | Queue | Villager (Male) |
| 7:16 | Build | Mining Camp |
| 7:35 | Queue | Villager (Male) |
| 7:59 | Queue | Villager (Male) |
| 8:25 | Queue | Villager (Male) |
| 8:29 | Research | Feudal Age |
| 8:44 | Build | Farm |
| 8:45 | Build | Farm |
| 8:47 | Build | Farm |
| 9:17 | Build | Farm |
| 9:37 | Queue | Villager (Male) |
| 9:37 | Queue | Villager (Male) |
| 9:37 | Research | Loom |
| 9:42 | Build | House |
| 10:38 | Queue | Villager (Male) |
| 11:02 | Age | Feudal Age |
| 11:35 | Queue | Villager (Male) |
| 11:39 | Build | Market |
| 11:43 | Build | Blacksmith |
| 11:50 | Build | Farm |
| 11:59 | Build | Farm |
| 12:20 | Queue | Villager (Male) |
| 12:27 | Build | Farm |
| 12:49 | Research | Castle Age |
| 13:59 | Queue | Villager (Male) |
| 14:12 | Research | Double-Bit Axe |
| 14:16 | Research | Horse Collar |
| 15:00 | Queue | Villager (Male) |
| 15:19 | Queue | Villager (Male) |
| 15:29 | Age | Castle Age |
| 15:31 | Build | Castle |
| 15:41 | Build | Siege Workshop |
| 15:49 | Build | House |
| 15:50 | Build | House |
| 16:21 | Research | Bow Saw |
| 16:23 | Research | Heavy Plow |
| 16:35 | Queue | Unit 1105 |
| 16:45 | Queue | Villager (Male) |
| 16:53 | Build | Farm |
| 16:54 | Build | Farm |
| 16:58 | Queue | Villager (Male) |
| 17:02 | Queue | Gbeto |
| 17:13 | Build | Farm |
| 17:14 | Build | Farm |
| 17:14 | Build | Farm |
| 17:14 | Build | Farm |
| 17:17 | Queue | Gbeto |
| 17:20 | Queue | Gbeto |
| 17:26 | Queue | Villager (Male) |
| 17:42 | Queue | Gbeto |
| 17:53 | Build | Farm |
| 17:53 | Build | Farm |
| 17:53 | Build | Farm |
| 17:59 | Queue | Gbeto |
| 18:05 | Build | Farm |
| 18:06 | Build | Farm |
| 18:10 | Queue | Villager (Male) |
| 18:23 | Build | Farm |
| 18:45 | Queue | Gbeto |
| 18:45 | Queue | Gbeto |
| 18:48 | Build | Farm |
| 18:48 | Build | Farm |
| 18:58 | Queue | Gbeto |
| 19:05 | Build | Farm |
| 19:08 | Build | Farm |
| 19:08 | Build | Farm |
| 19:10 | Queue | Villager (Male) |
| 19:23 | Research | Forging |
| 19:56 | Build | Farm |
| 19:56 | Build | Farm |
| 19:57 | Queue | Villager (Male) |
| 20:22 | Queue | Villager (Male) |
| 20:24 | Queue | Gbeto |
| 20:24 | Queue | Gbeto |
| 20:25 | Queue | Gbeto |
| 20:25 | Queue | Gbeto |
| 20:27 | Queue | Villager (Male) |
| 20:32 | Build | Farm |
| 20:32 | Build | Farm |
| 20:45 | Queue | Villager (Male) |
| 20:56 | Queue | Villager (Male) |
| 20:59 | Research | Wheelbarrow |
| 21:11 | Queue | Villager (Male) |
| 21:29 | Queue | Villager (Male) |
| 21:37 | Queue | Battering Ram |
| 21:49 | Queue | Villager (Male) |
| 21:54 | Queue | Gbeto |
| 21:54 | Queue | Gbeto |
| 21:54 | Queue | Gbeto |
| 22:00 | Build | House |
| 22:01 | Build | House |
| 22:02 | Build | House |
| 22:04 | Build | House |
| 22:10 | Queue | Villager (Male) |
| 22:34 | Queue | Villager (Male) |
| 22:46 | Build | Lumber Camp |
| 22:49 | Queue | Villager (Male) |
| 22:53 | Research | Gold Mining |
| 23:13 | Queue | Villager (Male) |
| 23:43 | Queue | Villager (Male) |
| 23:44 | Queue | Villager (Male) |
| 23:47 | Queue | Gbeto |
| 23:47 | Queue | Gbeto |
| 23:48 | Queue | Gbeto |
| 23:48 | Queue | Gbeto |
| 23:48 | Queue | Gbeto |
| 23:48 | Queue | Gbeto |
| 23:48 | Queue | Gbeto |
| 24:10 | Research | Scale Mail Armor |
| 24:21 | Queue | Gbeto |
| 24:46 | Queue | Villager (Male) |
| 24:48 | Queue | Gbeto |
| 24:52 | Research | Iron Casting |
| 25:13 | Queue | Villager (Male) |
| 25:18 | Build | Town Center |
| 25:23 | Build | Farm |
| 25:23 | Build | Farm |
| 25:52 | Queue | Villager (Male) |
| 25:54 | Queue | Villager (Male) |
Build order — Ux'Tycho0201
First 150 of 456 actions detected
| 0:01 | Queue | Villager (Male) |
| 0:01 | Queue | Villager (Male) |
| 0:01 | Queue | Villager (Male) |
| 0:02 | Queue | Villager (Male) |
| 0:04 | Build | House |
| 0:10 | Build | House |
| 1:27 | Queue | Villager (Male) |
| 1:27 | Queue | Villager (Male) |
| 1:41 | Queue | Villager (Male) |
| 1:48 | Build | Lumber Camp |
| 2:26 | Queue | Villager (Male) |
| 2:26 | Queue | Villager (Male) |
| 2:33 | Queue | Villager (Male) |
| 2:34 | Queue | Villager (Male) |
| 3:05 | Queue | Villager (Male) |
| 3:18 | Build | House |
| 3:20 | Queue | Villager (Male) |
| 3:53 | Queue | Villager (Male) |
| 4:09 | Queue | Villager (Male) |
| 4:09 | Queue | Villager (Male) |
| 4:39 | Build | Mill |
| 4:41 | Queue | Villager (Male) |
| 5:05 | Queue | Villager (Male) |
| 5:18 | Queue | Villager (Male) |
| 6:25 | Research | Feudal Age |
| 6:25 | Research | Feudal Age |
| 7:08 | Queue | Villager (Male) |
| 7:21 | Build | House |
| 7:32 | Queue | Villager (Male) |
| 7:32 | Queue | Villager (Male) |
| 8:35 | Age | Feudal Age |
| 8:37 | Build | Town Center |
| 8:45 | Queue | Villager (Male) |
| 8:48 | Research | Double-Bit Axe |
| 9:52 | Queue | Villager (Male) |
| 9:52 | Queue | Villager (Male) |
| 9:56 | Build | Farm |
| 9:59 | Build | Farm |
| 10:11 | Build | House |
| 10:35 | Queue | Villager (Male) |
| 10:36 | Queue | Villager (Male) |
| 10:36 | Queue | Villager (Male) |
| 10:38 | Build | Farm |
| 10:39 | Queue | Villager (Male) |
| 10:40 | Queue | Villager (Male) |
| 11:08 | Build | Farm |
| 11:16 | Build | House |
| 11:18 | Build | Farm |
| 11:20 | Build | Farm |
| 11:21 | Queue | Villager (Male) |
| 11:22 | Queue | Villager (Male) |
| 11:39 | Build | Farm |
| 11:40 | Queue | Villager (Male) |
| 11:42 | Queue | Villager (Male) |
| 11:42 | Queue | Villager (Male) |
| 11:46 | Build | House |
| 12:15 | Build | Farm |
| 12:17 | Build | Farm |
| 12:18 | Build | Farm |
| 12:20 | Queue | Villager (Male) |
| 12:37 | Build | House |
| 12:39 | Queue | Villager (Male) |
| 12:42 | Research | Horse Collar |
| 12:42 | Research | Horse Collar |
| 12:42 | Research | Horse Collar |
| 12:55 | Queue | Villager (Male) |
| 12:55 | Queue | Villager (Male) |
| 12:59 | Build | Farm |
| 13:01 | Build | Farm |
| 13:03 | Build | Farm |
| 13:06 | Build | Farm |
| 13:11 | Build | Farm |
| 13:12 | Queue | Villager (Male) |
| 13:13 | Queue | Villager (Male) |
| 13:15 | Build | House |
| 13:39 | Queue | Villager (Male) |
| 13:40 | Queue | Villager (Male) |
| 13:41 | Queue | Villager (Male) |
| 13:41 | Queue | Villager (Male) |
| 13:52 | Build | Mining Camp |
| 13:54 | Queue | Villager (Male) |
| 13:54 | Queue | Villager (Male) |
| 13:57 | Build | House |
| 14:06 | Queue | Villager (Male) |
| 14:07 | Queue | Villager (Male) |
| 14:08 | Queue | Villager (Male) |
| 14:12 | Build | Market |
| 14:20 | Queue | Villager (Male) |
| 14:31 | Queue | Villager (Male) |
| 14:41 | Build | Farm |
| 14:41 | Build | Farm |
| 14:42 | Build | Farm |
| 14:42 | Build | Farm |
| 14:42 | Build | Farm |
| 14:42 | Build | Farm |
| 14:57 | Research | Wheelbarrow |
| 14:57 | Research | Wheelbarrow |
| 14:58 | Queue | Villager (Male) |
| 14:58 | Queue | Villager (Male) |
| 15:15 | Queue | Villager (Male) |
| 15:17 | Queue | Villager (Male) |
| 15:24 | Build | Farm |
| 15:26 | Build | Farm |
| 15:45 | Build | House |
| 15:52 | Build | Farm |
| 15:57 | Queue | Villager (Male) |
| 16:15 | Queue | Villager (Male) |
| 16:24 | Build | House |
| 16:25 | Queue | Villager (Male) |
| 16:46 | Build | Blacksmith |
| 17:17 | Research | Castle Age |
| 17:17 | Research | Castle Age |
| 17:19 | Queue | Villager (Male) |
| 17:19 | Queue | Villager (Male) |
| 17:19 | Queue | Villager (Male) |
| 17:54 | Build | Barracks |
| 17:56 | Research | Scale Barding Armor |
| 17:57 | Research | Scale Barding Armor |
| 18:14 | Queue | Villager (Male) |
| 18:36 | Build | Stable |
| 18:37 | Queue | Villager (Male) |
| 18:38 | Queue | Villager (Male) |
| 18:46 | Research | Gold Mining |
| 18:46 | Research | Gold Mining |
| 18:54 | Queue | Villager (Male) |
| 19:07 | Build | Stable |
| 19:11 | Build | Stable |
| 19:16 | Research | Forging |
| 19:18 | Queue | Villager (Male) |
| 19:27 | Build | Farm |
| 19:30 | Build | Farm |
| 19:36 | Research | Bloodlines |
| 19:36 | Research | Bloodlines |
| 19:50 | Queue | Villager (Male) |
| 19:51 | Queue | Villager (Male) |
| 19:57 | Age | Castle Age |
| 20:04 | Queue | Knight |
| 20:05 | Queue | Knight |
| 20:05 | Queue | Knight |
| 20:05 | Queue | Knight |
| 20:05 | Queue | Knight |
| 20:05 | Queue | Knight |
| 20:05 | Queue | Knight |
| 20:11 | Research | Chain Barding Armor |
| 20:20 | Build | Farm |
| 20:20 | Build | Farm |
| 20:23 | Queue | Knight |
| 20:23 | Queue | Knight |
| 20:23 | Queue | Knight |
| 20:24 | Queue | Knight |
Build order — Vedette87
First 150 of 418 actions detected
| 0:02 | Queue | Villager (Male) ×5 |
| 0:03 | Build | House |
| 0:04 | Build | House |
| 1:35 | Queue | Villager (Male) |
| 1:53 | Build | Lumber Camp |
| 2:06 | Queue | Villager (Male) |
| 2:21 | Queue | Villager (Male) |
| 2:47 | Queue | Villager (Male) |
| 3:02 | Queue | Villager (Male) |
| 3:52 | Queue | Villager (Male) |
| 3:56 | Build | Mill |
| 3:59 | Build | House |
| 4:05 | Queue | Villager (Male) |
| 4:31 | Queue | Villager (Male) |
| 4:57 | Queue | Villager (Male) |
| 5:04 | Queue | Villager (Male) |
| 5:22 | Queue | Villager (Male) |
| 5:39 | Build | House |
| 5:57 | Queue | Villager (Male) |
| 6:27 | Queue | Villager (Male) |
| 7:00 | Queue | Villager (Male) |
| 7:17 | Build | Mining Camp |
| 7:22 | Queue | Villager (Male) |
| 7:24 | Queue | Villager (Male) |
| 8:18 | Research | Feudal Age |
| 8:48 | Queue | Villager (Male) |
| 8:48 | Queue | Villager (Male) |
| 9:01 | Build | House |
| 10:26 | Age | Feudal Age |
| 10:32 | Build | Market |
| 10:39 | Build | Blacksmith |
| 11:13 | Research | Castle Age |
| 11:33 | Research | Double-Bit Axe |
| 12:21 | Research | Horse Collar |
| 12:32 | Build | Farm |
| 12:39 | Build | Farm |
| 12:44 | Build | Farm |
| 12:48 | Build | Farm |
| 12:59 | Build | Farm |
| 13:00 | Build | Farm |
| 13:01 | Build | Farm |
| 13:01 | Build | Farm |
| 13:03 | Build | Farm |
| 13:08 | Build | Farm |
| 13:38 | Age | Castle Age |
| 13:38 | Build | House |
| 13:42 | Queue | Villager (Male) |
| 13:42 | Queue | Villager (Male) |
| 13:43 | Queue | Villager (Male) |
| 13:48 | Build | Town Center |
| 14:07 | Queue | Villager (Male) |
| 14:16 | Build | Town Center |
| 14:22 | Queue | Villager (Male) |
| 14:29 | Build | Farm |
| 14:39 | Build | Farm |
| 14:58 | Queue | Villager (Male) |
| 15:08 | Build | Farm |
| 15:15 | Build | Farm |
| 15:18 | Build | Farm |
| 15:23 | Queue | Villager (Male) |
| 15:24 | Queue | Villager (Male) |
| 15:28 | Queue | Villager (Male) |
| 15:35 | Build | Farm |
| 15:41 | Queue | Villager (Male) |
| 15:45 | Build | House |
| 15:49 | Queue | Villager (Male) |
| 15:51 | Queue | Villager (Male) |
| 16:01 | Build | Farm |
| 16:07 | Build | Farm |
| 16:08 | Queue | Villager (Male) |
| 16:10 | Queue | Villager (Male) |
| 16:22 | Build | Farm |
| 16:26 | Queue | Villager (Male) |
| 16:29 | Queue | Villager (Male) |
| 16:33 | Build | Farm |
| 16:36 | Queue | Villager (Male) |
| 16:39 | Build | Farm |
| 16:43 | Queue | Villager (Male) |
| 16:51 | Build | House |
| 16:56 | Build | Farm |
| 16:59 | Queue | Villager (Male) |
| 17:03 | Queue | Villager (Male) |
| 17:07 | Queue | Villager (Male) |
| 17:09 | Build | Farm |
| 17:16 | Build | Farm |
| 17:19 | Queue | Villager (Male) |
| 17:26 | Build | House |
| 17:28 | Queue | Villager (Male) |
| 17:31 | Build | Farm |
| 17:34 | Queue | Villager (Male) |
| 17:34 | Queue | Villager (Male) |
| 17:37 | Build | Farm |
| 17:40 | Queue | Villager (Male) |
| 17:43 | Build | Farm |
| 17:45 | Queue | Villager (Male) |
| 17:52 | Queue | Villager (Male) |
| 17:53 | Build | Farm |
| 17:58 | Build | House |
| 18:01 | Queue | Villager (Male) |
| 18:05 | Queue | Villager (Male) |
| 18:07 | Build | Farm |
| 18:15 | Queue | Villager (Male) |
| 18:19 | Build | Lumber Camp |
| 18:22 | Queue | Villager (Male) |
| 18:22 | Queue | Villager (Male) |
| 18:28 | Queue | Villager (Male) |
| 18:32 | Build | House |
| 18:33 | Build | House |
| 18:36 | Build | Farm |
| 18:41 | Queue | Villager (Male) |
| 18:42 | Queue | Villager (Male) |
| 18:48 | Build | Farm |
| 18:51 | Build | Farm |
| 18:54 | Queue | Villager (Male) |
| 18:56 | Queue | Villager (Male) |
| 19:06 | Queue | Villager (Male) |
| 19:08 | Queue | Villager (Male) |
| 19:16 | Research | Bow Saw |
| 19:25 | Build | Farm |
| 19:25 | Build | Farm |
| 19:28 | Queue | Villager (Male) |
| 19:29 | Queue | Villager (Male) |
| 19:32 | Build | Farm |
| 19:32 | Build | Farm |
| 19:46 | Research | Loom |
| 19:48 | Queue | Villager (Male) |
| 19:49 | Queue | Villager (Male) |
| 19:49 | Queue | Villager (Male) |
| 19:56 | Build | House |
| 19:58 | Build | House |
| 20:06 | Research | Wheelbarrow |
| 20:08 | Queue | Villager (Male) |
| 20:08 | Queue | Villager (Male) |
| 20:15 | Queue | Villager (Male) |
| 20:15 | Queue | Villager (Male) |
| 20:22 | Build | Mining Camp |
| 20:50 | Build | Barracks |
| 20:52 | Build | House |
| 20:54 | Build | House |
| 20:59 | Queue | Villager (Male) |
| 20:59 | Queue | Villager (Male) |
| 21:04 | Queue | Villager (Male) |
| 21:04 | Queue | Villager (Male) |
| 21:08 | Build | Farm |
| 21:12 | Build | Farm |
| 21:15 | Queue | Villager (Male) |
| 21:15 | Queue | Villager (Male) |
| 21:17 | Research | Gold Mining |
| 21:42 | Research | Hand Cart |
| 21:52 | Build | Archery Range |
Build order — CTM | Crawly94
First 150 of 332 actions detected
| 0:01 | Queue | Villager (Male) |
| 0:01 | Queue | Villager (Male) |
| 0:02 | Build | House |
| 0:03 | Build | House |
| 0:04 | Queue | Villager (Male) |
| 0:19 | Queue | Villager (Male) |
| 0:19 | Queue | Villager (Male) |
| 1:18 | Queue | Villager (Male) |
| 2:03 | Queue | Villager (Male) |
| 2:03 | Queue | Villager (Male) |
| 2:05 | Build | Lumber Camp |
| 2:53 | Queue | Villager (Male) |
| 2:54 | Queue | Villager (Male) |
| 2:58 | Build | House |
| 3:22 | Queue | Villager (Male) |
| 3:28 | Build | House |
| 4:03 | Queue | Villager (Male) |
| 4:38 | Queue | Villager (Male) |
| 4:39 | Queue | Villager (Male) |
| 4:39 | Queue | Villager (Male) |
| 4:39 | Queue | Villager (Male) |
| 5:18 | Build | Mill |
| 5:21 | Queue | Villager (Male) |
| 6:27 | Research | Loom |
| 6:56 | Research | Feudal Age |
| 6:56 | Research | Feudal Age |
| 7:04 | Build | Mining Camp |
| 7:50 | Build | House |
| 8:08 | Queue | Villager (Male) |
| 8:08 | Queue | Villager (Male) |
| 9:15 | Queue | Villager (Male) |
| 9:19 | Age | Feudal Age |
| 9:46 | Queue | Villager (Male) |
| 9:59 | Queue | Villager (Male) |
| 10:08 | Build | Blacksmith |
| 10:45 | Build | Watch Tower |
| 11:12 | Queue | Villager (Male) |
| 11:49 | Queue | Villager (Male) |
| 11:50 | Queue | Villager (Male) |
| 12:18 | Queue | Villager (Male) |
| 12:55 | Queue | Villager (Male) |
| 13:22 | Build | Stone Wall |
| 13:24 | Build | Stone Wall |
| 13:25 | Build | Stone Wall |
| 13:31 | Build | Palisade Wall |
| 13:33 | Build | Palisade Wall |
| 13:34 | Build | Palisade Wall |
| 13:38 | Queue | Villager (Male) |
| 13:48 | Build | Palisade Wall |
| 13:49 | Build | Palisade Wall |
| 13:51 | Build | Palisade Wall |
| 13:53 | Build | Palisade Wall |
| 13:59 | Build | Palisade Wall |
| 14:03 | Queue | Villager (Male) |
| 14:08 | Build | Farm |
| 14:08 | Build | Farm |
| 14:08 | Build | Farm |
| 14:18 | Build | Palisade Wall |
| 14:23 | Build | Palisade Wall |
| 14:25 | Queue | Villager (Male) |
| 14:32 | Build | Mill |
| 14:33 | Build | Farm |
| 14:33 | Build | Farm |
| 14:37 | Build | Farm |
| 14:38 | Build | Farm |
| 14:38 | Build | Farm |
| 14:38 | Build | Farm |
| 14:40 | Queue | Villager (Male) |
| 15:09 | Build | Watch Tower |
| 15:14 | Queue | Villager (Male) |
| 15:30 | Queue | Villager (Male) |
| 15:41 | Build | Palisade Wall |
| 15:52 | Research | Double-Bit Axe |
| 15:59 | Build | Farm |
| 16:16 | Research | Fletching |
| 16:28 | Build | Palisade Wall |
| 16:41 | Build | Palisade Wall |
| 16:43 | Build | Palisade Wall |
| 16:58 | Build | Palisade Wall |
| 17:02 | Queue | Villager (Male) |
| 17:03 | Queue | Villager (Male) |
| 17:05 | Build | Farm |
| 17:09 | Queue | Villager (Male) |
| 17:22 | Queue | Villager (Male) |
| 17:30 | Build | Palisade Wall |
| 17:31 | Build | Palisade Wall |
| 17:32 | Build | Palisade Wall |
| 17:33 | Build | Palisade Wall |
| 17:36 | Queue | Villager (Male) |
| 17:43 | Build | Mill |
| 17:44 | Build | Farm |
| 17:45 | Build | Farm |
| 17:45 | Build | Farm |
| 17:46 | Build | Farm |
| 17:46 | Build | Farm |
| 17:48 | Queue | Villager (Male) |
| 18:04 | Build | Watch Tower |
| 18:28 | Queue | Villager (Male) |
| 18:45 | Queue | Villager (Male) |
| 18:48 | Build | Farm |
| 18:50 | Build | Farm |
| 19:18 | Build | Market |
| 19:21 | Queue | Villager (Male) |
| 20:02 | Queue | Villager (Male) |
| 20:14 | Queue | Villager (Male) |
| 21:20 | Queue | Villager (Male) |
| 21:20 | Queue | Villager (Male) |
| 21:27 | Build | Farm |
| 21:28 | Build | Farm |
| 21:41 | Research | Castle Age |
| 22:40 | Queue | Villager (Male) |
| 22:59 | Queue | Villager (Male) |
| 23:06 | Build | Mining Camp |
| 23:11 | Queue | Villager (Male) |
| 23:49 | Queue | Villager (Male) |
| 24:14 | Queue | Villager (Male) |
| 24:18 | Research | Horse Collar |
| 24:25 | Age | Castle Age |
| 24:31 | Build | Town Center |
| 24:36 | Queue | Villager (Male) |
| 25:11 | Research | Bow Saw |
| 25:58 | Queue | Villager (Male) |
| 25:58 | Queue | Villager (Male) |
| 25:59 | Queue | Villager (Male) |
| 26:06 | Research | Bodkin Arrow |
| 26:22 | Build | Castle |
| 26:25 | Queue | Villager (Male) |
| 26:25 | Queue | Villager (Male) |
| 26:43 | Build | Farm |
| 26:51 | Research | Town Watch |
| 27:02 | Queue | Villager (Male) |
| 27:16 | Queue | Villager (Male) |
| 27:25 | Build | Stone Wall |
| 27:31 | Build | Farm |
| 27:32 | Queue | Villager (Male) |
| 27:32 | Queue | Villager (Male) |
| 27:46 | Queue | Petard |
| 27:46 | Queue | Petard |
| 27:59 | Queue | Villager (Male) |
| 27:59 | Queue | Villager (Male) |
| 28:36 | Build | Watch Tower |
| 28:37 | Queue | Villager (Male) |
| 28:38 | Queue | Villager (Male) |
| 28:50 | Queue | Villager (Male) |
| 28:58 | Build | Town Center |
| 29:00 | Queue | Villager (Male) |
| 29:47 | Build | Watch Tower |
| 30:11 | Queue | Villager (Male) |
| 30:11 | Queue | Villager (Male) |
| 30:11 | Queue | Villager (Male) |
Build order — nQRLY
First 150 of 202 actions detected
| 0:00 | Queue | Villager (Male) ×4 |
| 0:02 | Build | House |
| 0:03 | Build | House |
| 1:10 | Queue | Villager (Male) |
| 1:48 | Build | Lumber Camp |
| 2:02 | Queue | Villager (Male) |
| 2:23 | Queue | Villager (Male) |
| 2:41 | Queue | Villager (Male) |
| 3:07 | Build | House |
| 3:24 | Queue | Villager (Male) |
| 3:24 | Queue | Villager (Male) |
| 3:34 | Queue | Villager (Male) |
| 4:19 | Queue | Villager (Male) |
| 4:46 | Queue | Villager (Male) |
| 4:55 | Queue | Villager (Male) |
| 4:55 | Queue | Villager (Male) |
| 4:56 | Queue | Villager (Male) |
| 5:34 | Build | House |
| 5:42 | Queue | Villager (Male) |
| 5:55 | Queue | Villager (Male) |
| 6:05 | Build | Mining Camp |
| 6:21 | Research | Loom |
| 6:56 | Research | Feudal Age |
| 8:01 | Build | House |
| 8:08 | Queue | Villager (Male) |
| 8:24 | Build | House |
| 8:58 | Queue | Villager (Male) |
| 9:19 | Age | Feudal Age |
| 9:25 | Queue | Villager (Male) |
| 10:11 | Queue | Villager (Male) |
| 10:11 | Queue | Villager (Male) |
| 10:52 | Queue | Villager (Male) |
| 10:56 | Build | Stone Wall |
| 11:34 | Build | Mill |
| 12:16 | Queue | Villager (Male) |
| 12:33 | Build | Stone Wall |
| 12:46 | Build | Market |
| 13:26 | Build | Watch Tower |
| 13:37 | Queue | Villager (Male) |
| 13:37 | Queue | Villager (Male) |
| 13:37 | Queue | Villager (Male) |
| 14:05 | Queue | Villager (Male) |
| 14:43 | Queue | Villager (Male) |
| 15:17 | Queue | Villager (Male) |
| 15:49 | Queue | Villager (Male) |
| 15:56 | Build | Watch Tower |
| 16:07 | Build | Watch Tower |
| 16:27 | Queue | Villager (Male) |
| 16:31 | Build | Farm |
| 17:16 | Queue | Villager (Male) |
| 17:43 | Build | Farm |
| 17:44 | Build | Farm |
| 17:50 | Queue | Villager (Male) |
| 17:54 | Build | Watch Tower |
| 18:02 | Build | Watch Tower |
| 18:10 | Build | Farm |
| 18:21 | Build | Farm |
| 18:22 | Build | Farm |
| 18:25 | Queue | Villager (Male) |
| 18:25 | Queue | Villager (Male) |
| 18:59 | Build | Farm |
| 19:00 | Queue | Villager (Male) |
| 19:23 | Queue | Villager (Male) |
| 20:12 | Queue | Villager (Male) |
| 20:19 | Queue | Villager (Male) |
| 20:38 | Queue | Villager (Male) |
| 21:28 | Queue | Villager (Male) |
| 21:29 | Queue | Villager (Male) |
| 21:35 | Build | Blacksmith |
| 21:37 | Queue | Villager (Male) |
| 21:39 | Build | Farm |
| 21:39 | Build | Farm |
| 22:10 | Queue | Villager (Male) |
| 22:14 | Research | Fletching |
| 23:16 | Queue | Villager (Male) |
| 23:25 | Build | Stone Wall |
| 23:28 | Build | Stone Wall |
| 23:49 | Queue | Villager (Male) |
| 23:49 | Queue | Villager (Male) |
| 23:51 | Build | House |
| 24:14 | Queue | Villager (Male) |
| 24:29 | Queue | Villager (Male) |
| 24:48 | Build | Mining Camp |
| 25:31 | Build | House |
| 25:51 | Research | Castle Age |
| 25:52 | Research | Castle Age |
| 26:16 | Build | House |
| 26:55 | Build | House |
| 26:58 | Build | House |
| 27:00 | Build | House |
| 27:02 | Build | Stone Wall |
| 27:03 | Build | House |
| 27:18 | Research | Double-Bit Axe |
| 27:45 | Build | House |
| 27:47 | Build | Farm |
| 28:06 | Build | Stone Wall |
| 28:07 | Build | Stone Wall |
| 28:09 | Build | Stone Wall |
| 28:14 | Build | Stone Wall |
| 28:17 | Build | Stone Wall |
| 28:18 | Build | Stone Wall |
| 28:21 | Build | Stone Wall |
| 28:23 | Build | Stone Wall |
| 28:27 | Build | Stone Wall |
| 28:29 | Build | Stone Wall |
| 28:31 | Age | Castle Age |
| 28:46 | Build | Castle |
| 28:57 | Build | Stone Wall |
| 28:59 | Build | Stone Wall |
| 29:02 | Build | Stone Wall |
| 29:05 | Build | Stone Wall |
| 29:09 | Build | Stone Wall |
| 29:13 | Build | Palisade Wall |
| 29:15 | Build | Palisade Wall |
| 29:22 | Build | Palisade Wall |
| 29:28 | Queue | Villager (Male) |
| 29:40 | Build | Palisade Wall |
| 29:45 | Build | House |
| 29:48 | Build | House |
| 30:03 | Build | House |
| 30:12 | Queue | Villager (Male) |
| 31:31 | Queue | Villager (Male) |
| 31:36 | Build | House |
| 31:39 | Build | House |
| 31:47 | Build | Stone Wall |
| 31:53 | Queue | Villager (Male) |
| 31:57 | Build | Lumber Camp |
| 32:23 | Queue | Villager (Male) |
| 32:47 | Build | Siege Workshop |
| 32:53 | Queue | Villager (Male) |
| 32:59 | Build | Farm |
| 33:31 | Build | Siege Workshop |
| 33:35 | Queue | Villager (Male) |
| 33:44 | Queue | Villager (Male) |
| 33:46 | Queue | Teutonic Knight |
| 33:53 | Build | Stone Wall |
| 33:56 | Queue | Mangonel |
| 34:12 | Queue | Villager (Male) |
| 34:40 | Build | Lumber Camp |
| 35:00 | Build | Farm |
| 35:01 | Build | Farm |
| 35:12 | Queue | Villager (Male) |
| 35:16 | Queue | Villager (Male) |
| 35:28 | Queue | Villager (Male) |
| 35:35 | Queue | Villager (Male) |
| 35:57 | Queue | Battering Ram |
| 36:00 | Queue | Villager (Male) |
| 36:21 | Build | Market |
| 36:54 | Queue | Villager (Male) |
| 37:16 | Queue | Villager (Male) |
Build order — MARIJUANA_LUNG
First 150 of 471 actions detected
| 0:01 | Queue | Villager (Male) |
| 0:01 | Queue | Villager (Male) |
| 0:01 | Queue | Villager (Male) |
| 0:02 | Build | House |
| 0:03 | Build | House |
| 0:10 | Queue | Villager (Male) |
| 0:11 | Queue | Villager (Male) |
| 1:24 | Queue | Villager (Male) |
| 1:24 | Queue | Villager (Male) |
| 1:58 | Queue | Villager (Male) |
| 1:58 | Queue | Villager (Male) |
| 2:12 | Queue | Villager (Male) |
| 2:51 | Queue | Villager (Male) |
| 2:52 | Queue | Villager (Male) |
| 3:05 | Build | Lumber Camp |
| 3:13 | Queue | Villager (Male) |
| 3:14 | Queue | Villager (Male) |
| 3:37 | Build | House |
| 3:41 | Queue | Villager (Male) |
| 3:41 | Queue | Villager (Male) |
| 3:41 | Queue | Villager (Male) |
| 3:52 | Build | House |
| 3:54 | Build | House |
| 4:24 | Queue | Villager (Male) |
| 4:24 | Queue | Villager (Male) |
| 4:35 | Build | House |
| 4:54 | Queue | Villager (Male) |
| 4:54 | Queue | Villager (Male) |
| 4:55 | Queue | Villager (Male) |
| 5:02 | Queue | Villager (Male) |
| 5:03 | Queue | Villager (Male) |
| 5:03 | Queue | Villager (Male) |
| 5:16 | Queue | Villager (Male) |
| 5:16 | Queue | Villager (Male) |
| 5:42 | Queue | Villager (Male) |
| 5:42 | Queue | Villager (Male) |
| 5:43 | Queue | Villager (Male) |
| 5:58 | Build | Mill |
| 6:55 | Queue | Villager (Male) |
| 7:47 | Build | Farm |
| 7:56 | Queue | Villager (Male) |
| 8:13 | Build | Farm |
| 8:30 | Research | Feudal Age |
| 8:44 | Build | Mining Camp |
| 9:28 | Build | Farm |
| 10:51 | Queue | Villager (Male) |
| 10:51 | Queue | Villager (Male) |
| 10:51 | Queue | Villager (Male) |
| 10:56 | Age | Feudal Age |
| 10:59 | Build | Market |
| 11:04 | Build | Blacksmith |
| 11:31 | Build | House |
| 11:44 | Build | House |
| 11:47 | Research | Castle Age |
| 11:47 | Research | Castle Age |
| 12:00 | Research | Double-Bit Axe |
| 12:08 | Build | House |
| 12:21 | Build | Farm |
| 12:26 | Research | Horse Collar |
| 12:28 | Build | Farm |
| 13:28 | Build | Farm |
| 13:36 | Queue | Villager (Male) |
| 13:37 | Research | Wheelbarrow |
| 13:46 | Build | Farm |
| 14:27 | Age | Castle Age |
| 14:31 | Research | Bow Saw |
| 14:31 | Research | Bow Saw |
| 14:39 | Build | Town Center |
| 15:09 | Build | Town Center |
| 15:27 | Build | Farm |
| 15:41 | Build | Farm |
| 15:58 | Build | Farm |
| 16:01 | Queue | Villager (Male) |
| 16:06 | Build | Farm |
| 16:08 | Queue | Villager (Male) |
| 16:08 | Queue | Villager (Male) |
| 16:10 | Queue | Villager (Male) |
| 16:18 | Build | Farm |
| 16:18 | Build | Farm |
| 16:29 | Queue | Villager (Male) |
| 16:40 | Build | Farm |
| 16:46 | Queue | Villager (Male) |
| 16:47 | Queue | Villager (Male) |
| 16:48 | Queue | Villager (Male) |
| 16:54 | Build | Farm |
| 17:00 | Build | Farm |
| 17:08 | Research | Heavy Plow |
| 17:11 | Queue | Villager (Male) |
| 17:16 | Build | Farm |
| 17:20 | Queue | Villager (Male) |
| 17:21 | Queue | Villager (Male) |
| 17:24 | Build | Farm |
| 17:29 | Queue | Villager (Male) |
| 17:32 | Queue | Villager (Male) |
| 17:33 | Build | Farm |
| 17:36 | Queue | Villager (Male) |
| 17:43 | Build | Farm |
| 17:49 | Build | Farm |
| 17:52 | Queue | Villager (Male) |
| 17:54 | Build | Farm |
| 17:59 | Build | Farm |
| 18:01 | Queue | Villager (Male) |
| 18:03 | Queue | Villager (Male) |
| 18:08 | Build | Farm |
| 18:11 | Queue | Villager (Male) |
| 18:19 | Queue | Villager (Male) |
| 18:19 | Queue | Villager (Male) |
| 18:25 | Queue | Villager (Male) |
| 18:33 | Queue | Villager (Male) |
| 18:33 | Queue | Villager (Male) |
| 18:44 | Build | Town Center |
| 18:48 | Queue | Villager (Male) |
| 18:54 | Build | Farm |
| 19:08 | Build | Farm |
| 19:15 | Build | House |
| 19:17 | Build | House |
| 19:24 | Queue | Villager (Male) |
| 19:25 | Queue | Villager (Male) |
| 19:25 | Queue | Villager (Male) |
| 19:25 | Queue | Villager (Male) |
| 19:26 | Queue | Villager (Male) |
| 19:26 | Queue | Villager (Male) |
| 19:33 | Build | Farm |
| 19:35 | Build | Farm |
| 19:36 | Build | Farm |
| 19:39 | Queue | Villager (Male) |
| 19:43 | Build | Farm |
| 19:44 | Build | Farm |
| 19:45 | Build | Farm |
| 19:46 | Queue | Villager (Male) |
| 19:46 | Queue | Villager (Male) |
| 19:46 | Queue | Villager (Male) |
| 19:59 | Build | Farm |
| 20:02 | Queue | Villager (Male) |
| 20:05 | Build | House |
| 20:06 | Build | House |
| 20:06 | Build | House |
| 20:11 | Queue | Villager (Male) |
| 20:11 | Queue | Villager (Male) |
| 20:15 | Build | Farm |
| 20:18 | Build | Farm |
| 20:19 | Build | Farm |
| 20:20 | Build | Farm |
| 20:26 | Queue | Villager (Male) |
| 20:26 | Queue | Villager (Male) |
| 20:27 | Queue | Villager (Male) |
| 20:27 | Queue | Villager (Male) |
| 20:28 | Queue | Villager (Male) |
| 20:28 | Queue | Villager (Male) |
| 20:30 | Build | Farm |
Match timeline
| 8:35 | Ux'Tycho0201 · age_up feudal |
| 9:19 | CTM | Crawly94 · age_up feudal |
| 9:19 | nQRLY · age_up feudal |
| 10:26 | Vedette87 · age_up feudal |
| 10:56 | MARIJUANA_LUNG · age_up feudal |
| 10:56 | nQRLY · wall_segment Stone Wall x1 |
| 11:02 | Ux'Saintseko · age_up feudal |
| 12:33 | nQRLY · wall_segment Stone Wall x1 |
| 13:22 | CTM | Crawly94 · wall_segment Stone Wall x1 |
| 13:24 | CTM | Crawly94 · wall_segment Stone Wall x1 |
| 13:25 | CTM | Crawly94 · wall_segment Stone Wall x1 |
| 13:31 | CTM | Crawly94 · wall_segment Palisade Wall x1 |
| 13:33 | CTM | Crawly94 · wall_segment Palisade Wall x1 |
| 13:34 | CTM | Crawly94 · wall_segment Palisade Wall x1 |
| 13:35 | nQRLY · first_market_sell 100 stone |
| 13:36 | nQRLY · first_market_buy 100 food |
| 13:38 | Vedette87 · age_up castle |
| 13:48 | CTM | Crawly94 · wall_segment Palisade Wall x1 |
| 13:49 | CTM | Crawly94 · wall_segment Palisade Wall x1 |
| 13:51 | CTM | Crawly94 · wall_segment Palisade Wall x1 |
| 13:53 | CTM | Crawly94 · wall_segment Palisade Wall x1 |
| 13:59 | CTM | Crawly94 · wall_segment Palisade Wall x1 |
| 14:18 | CTM | Crawly94 · wall_segment Palisade Wall x8 |
| 14:23 | CTM | Crawly94 · wall_segment Palisade Wall x6 |
| 14:27 | MARIJUANA_LUNG · age_up castle |
| 15:29 | Ux'Saintseko · age_up castle |
| 15:31 | Ux'Saintseko · first_building Castle |
| 15:40 | Ux'Tycho0201 · first_market_buy 100 food |
| 15:41 | Ux'Saintseko · first_building Siege Workshop |
| 15:41 | CTM | Crawly94 · wall_segment Palisade Wall x1 |
| 16:21 | Ux'Tycho0201 · first_market_sell 100 wood |
| 16:28 | CTM | Crawly94 · wall_segment Palisade Wall x6 |
| 16:41 | CTM | Crawly94 · wall_segment Palisade Wall x2 |
| 16:43 | CTM | Crawly94 · wall_segment Palisade Wall x1 |
| 16:58 | CTM | Crawly94 · wall_segment Palisade Wall x2 |
| 17:30 | CTM | Crawly94 · wall_segment Palisade Wall x1 |
| 17:31 | CTM | Crawly94 · wall_segment Palisade Wall x1 |
| 17:32 | CTM | Crawly94 · wall_segment Palisade Wall x1 |
| 17:33 | CTM | Crawly94 · wall_segment Palisade Wall x1 |
| 17:54 | Ux'Tycho0201 · first_building Barracks |
| 18:22 | MARIJUANA_LUNG · first_market_buy 100 stone |
| 18:36 | Ux'Tycho0201 · first_building Stable |
| 19:21 | Ux'Saintseko · first_market_buy 100 food |
| 19:57 | Ux'Tycho0201 · age_up castle |
| 20:50 | Vedette87 · first_building Barracks |
| 21:35 | CTM | Crawly94 · first_market_sell 100 wood |
| 21:52 | Vedette87 · first_building Archery Range |
| 23:25 | nQRLY · wall_segment Stone Wall x1 |
| 23:28 | nQRLY · wall_segment Stone Wall x1 |
| 23:40 | MARIJUANA_LUNG · first_building Monastery |
| 24:25 | CTM | Crawly94 · age_up castle |
| 24:47 | CTM | Crawly94 · first_market_buy 100 stone |
| 24:56 | MARIJUANA_LUNG · wall_segment Palisade Wall x4 |
| 25:43 | MARIJUANA_LUNG · first_building Barracks |
| 26:22 | CTM | Crawly94 · first_building Castle |
| 27:02 | nQRLY · wall_segment Stone Wall x1 |
| 27:03 | MARIJUANA_LUNG · first_building Siege Workshop |
| 27:25 | CTM | Crawly94 · wall_segment Stone Wall x1 |
| 27:34 | MARIJUANA_LUNG · age_up imperial |
| 28:06 | nQRLY · wall_segment Stone Wall x2 |
| 28:07 | nQRLY · wall_segment Stone Wall x1 |
| 28:09 | nQRLY · wall_segment Stone Wall x3 |
| 28:14 | nQRLY · wall_segment Stone Wall x1 |
| 28:17 | nQRLY · wall_segment Stone Wall x1 |
| 28:18 | nQRLY · wall_segment Stone Wall x1 |
| 28:21 | nQRLY · wall_segment Stone Wall x1 |
| 28:23 | nQRLY · wall_segment Stone Wall x1 |
| 28:27 | nQRLY · wall_segment Stone Wall x1 |
| 28:29 | nQRLY · wall_segment Stone Wall x1 |
| 28:31 | nQRLY · age_up castle |
| 28:46 | nQRLY · first_building Castle |
| 28:48 | Vedette87 · first_market_buy 100 stone |
| 28:57 | nQRLY · wall_segment Stone Wall x1 |
| 28:59 | nQRLY · wall_segment Stone Wall x1 |
| 29:02 | nQRLY · wall_segment Stone Wall x1 |
| 29:05 | nQRLY · wall_segment Stone Wall x1 |
| 29:09 | nQRLY · wall_segment Stone Wall x1 |
| 29:13 | nQRLY · wall_segment Palisade Wall x1 |
| 29:15 | nQRLY · wall_segment Palisade Wall x1 |
| 29:16 | Ux'Tycho0201 · first_building Monastery |
| 29:22 | nQRLY · wall_segment Palisade Wall x1 |
| 29:34 | Vedette87 · first_building Siege Workshop |
| 29:40 | nQRLY · wall_segment Palisade Wall x1 |
| 30:20 | Ux'Saintseko · first_building Barracks |
| 30:25 | Vedette87 · first_building Stable |
| 30:38 | MARIJUANA_LUNG · first_building Castle |
| 31:38 | CTM | Crawly94 · first_building Barracks |
| 31:47 | nQRLY · wall_segment Stone Wall x1 |
| 31:48 | Ux'Tycho0201 · first_building Castle |
| 31:51 | Ux'Saintseko · first_building Stable |
| 32:02 | CTM | Crawly94 · first_building Siege Workshop |
| 32:38 | MARIJUANA_LUNG · first_market_sell 100 wood |
| 32:42 | Vedette87 · age_up imperial |
| 32:47 | nQRLY · first_building Siege Workshop |
| 33:22 | Ux'Tycho0201 · age_up imperial |
| 33:35 | Ux'Tycho0201 · first_building Siege Workshop |
| 33:39 | Vedette87 · first_building Castle |
| 33:44 | CTM | Crawly94 · first_building Archery Range |
| 33:53 | nQRLY · wall_segment Stone Wall x1 |
| 35:28 | Ux'Saintseko · age_up imperial |
| 36:36 | Ux'Saintseko · first_market_sell 100 stone |
| 40:45 | MARIJUANA_LUNG · tribute_sent a jugador 1 |
| 40:45 | MARIJUANA_LUNG · tribute_sent a jugador 2 |
| 40:45 | MARIJUANA_LUNG · tribute_sent a jugador 3 |
| 40:45 | MARIJUANA_LUNG · tribute_sent a jugador 4 |
| 40:45 | MARIJUANA_LUNG · tribute_sent a jugador 5 |
| 41:47 | nQRLY · wall_segment Stone Wall x1 |
| 43:29 | Ux'Tycho0201 · wall_segment Palisade Wall x6 |
| 43:30 | Ux'Saintseko · resign |
| 43:43 | CTM | Crawly94 · age_up imperial |
[ AI ANALYSIS · 1 CREDIT ]
What really happened in this match?
Wolo.gg analyzes every decision: build order, eco, micro, common mistakes by bracket. Personalized analysis on WhatsApp or Discord in 30 seconds.
Civ guide
Malians
Perfil
Jugador #5119498